AoeStats
← Kanyaga

Arabia

510559735Analyzed
1v1 RM · 10h ago on Oct 1, 2026· 43m 22s· 2 players
Game mode
Random Map
Map size
Tiny (2 player)
Population
200
Speed
Normal
Resources
Standard
Victory
Conquest
Starting age
Dark Age
Ending age
Imperial Age
RankedLock teamsTeams togetherTeam positionsShared explorationLock speedFull tech treeHidden civsTurbo modeCheats
Victory
Defeat
🇹🇷 Huns · Türkiye
1574
+13
🇫🇮 Goths · Finland
1514
-13
unfortunately I am
8:22 Loom
10:40 Feudal Age
11:09 Double-Bit Axe
15:28 Fletching
19:10 Wheelbarrow
19:34 Horse Collar
22:25 Castle Age
21:13 Stone Mining
21:13 Gold Mining
22:12 Scale Mail Armor
22:22 Forging
23:25 Bow Saw
24:23 Squires
26:22 Chain Mail Armor
27:54 Pikeman
30:21 Sanctity
31:04 Gold Mining
31:52 Town Watch
33:34 Iron Casting
34:01 Heavy Plow
34:51 Fervor
36:17 Hand Cart
41:29 Imperial Age
43:11 Blast Furnace
42:57 Conscription
Kanyaga
6:51 Loom
9:36 Feudal Age
10:10 Double-Bit Axe
10:06 Horse Collar
11:39 Man-at-Arms
19:06 Castle Age
17:34 Gold Mining
17:37 Fletching
19:51 Bodkin Arrow
19:58 Padded Archer Armor
20:12 Bow Saw
21:45 Scale Mail Armor
21:55 Forging
22:26 Gold Shaft Mining
22:35 Wheelbarrow
21:46 Town Watch
22:10 Heavy Plow
25:26 Husbandry
27:34 Scale Barding Armor
27:52 Forging
28:03 Devotion
29:09 Bloodlines
29:20 Chain Barding Armor
31:46 Hand Cart
35:51 Imperial Age
33:17 Light Cavalry
34:21 Thumb Ring
36:35 Bracer
37:11 Plate Barding Armor
37:38 Ballistics
38:18 Chemistry
37:46 Parthian Tactics
38:17 Leather Archer Armor
38:37 Iron Casting
38:24 Cavalier
41:16 Hussar
Connection lost

Rejoining the realm…

Still unreachable

The connection could not be restored.

Session expired

The server has moved on; the page needs a fresh start.